Map: Dead of Night

Players

BunnyLove

  • Race: Terran Terran

Speeppbot

  • Race: Protoss Protoss
  • Spawn Location: 0:00

VOD

Have the link to the VOD?

Description

Time

  • Played on: March 24, 2018, 8:10 a.m.
  • Length: 17:48
Show
View Real Time Build Order
Export as new Build Order

BunnyLove Terran 

Build Orders:  

Get SALT Encoding   

  12  0:05  Starport Tech Lab  
  12  0:08  SCV  
  13  0:25  SCV  
  13  0:29  Supply Depot  
  15  0:42  SCV  
  16  1:04  Assault Galleon, SCV  
  17  1:21  SCV  
  17  1:32  Assault Galleon  
  17  1:39  SCV  
  18  1:43  Refinery  
  18  1:56  SCV  
  19  2:01  Refinery  
  20  2:13  SCV  
  20  2:29  SCV  
  21  2:37  Engineering Bay  
  21  2:46  SCV  
  21  2:49  Supply Depot  
  22  3:05  SCV  
  22  3:09  Armory  
  24  3:22  SCV, Hellbat  
  24  3:24  Hellbat  
  28  3:39  SCV  
  29  3:42  Reaper  
  29  3:44  Reaper  
  31  3:56  SCV  
  32  4:04  Reaper x2  
  35  4:13  SCV  
  35  4:16  Strike Fighter Platform  
  38  4:30  SCV  
  38  4:36  Supply Depot  
  38  4:46  Jetpack Overdrive  
  39  4:53  SCV  
  39  5:02  Reaper  
  39  5:03  Reaper  
  42  5:10  SCV  
  42  5:11  Horner Weapons Level 1  
  42  5:20  Reaper x2  
  42  5:28  Strike Fighter Platform  
  42  5:29  SCV  
  47  5:30  Reaper  
  48  5:46  SCV  
  48  5:47  Fusion Core  
  48  5:49  LE9 Cluster Charges  
  49  5:52  Reaper x2  
  52  6:03  SCV  
  52  6:09  Strike Fighter Platform  
  55  6:20  SCV  
  55  6:29  Assault Galleon  
  55  6:32  Reaper, Supply Depot  
  50  6:42  Reaper  
  48  6:52  Reaper  
  48  6:56  Refinery, Reaper  
  48  6:58  SCV  
  51  7:02  Reaper  
  51  7:06  Reaper  
  53  7:14  Reaper  
  53  7:16  Reaper  
  55  7:21  Strike Fighter Platform  
  55  7:23  Strike Fighter Platform  
  55  7:24  Napalm Payload  
  60  7:33  Reaper x2, SCV  
  62  7:41  Supply Depot  
  62  7:49  SCV  
  62  7:56  Reaper x2  
  62  7:58  Reaper  
  65  8:06  Reaper, SCV  
  69  8:20  Strike Fighter Platform  
  69  8:28  Reaper x3  
  72  8:35  Strike Fighter Platform  
  72  8:38  Reaper  
  72  8:39  Reaper  
  75  8:46  Reaper  
  75  8:48  Reaper x2  
  75  8:51  Strike Fighter Platform  
  75  8:56  Reaper  
  76  9:03  Reaper  
  76  9:07  Reaper  
  76  9:08  Strike Fighter Platform  
  82  9:17  SCV  
  83  9:22  Strike Fighter Platform  
  83  9:26  Reaper x2  
  84  9:30  Reaper  
  84  9:32  Theia Raven  
  84  9:36  Reaper x2  
  86  9:40  Reaper  
  86  9:45  Reaper  
  86  9:46  Reaper  
  89  9:51  Reaper  
  89  9:55  Reaper  
  89  9:56  Reaper  
  89  10:01  Reaper  
  89  10:02  Supply Depot  
  89  10:04  Supply Depot  
  80  10:32  Reaper x2  
  80  10:33  Reaper  
  80  10:36  Theia Raven  
  78  10:42  Reaper x3  
  79  10:52  Reaper x3  
  82  11:02  Reaper x3  
  85  11:12  Reaper x3  
  85  11:22  Reaper x3  
  85  11:32  Reaper x3  
  86  11:42  Reaper x3  
  86  11:48  Supply Depot  
  89  11:52  Reaper x3  
  92  12:02  Reaper x2  
  94  12:21  Reaper x3, Supply Depot  
  94  12:25  Horner Weapons Level 2  
  94  12:27  Assault Galleon  
  96  12:31  Reaper x2  
  96  12:34  Reaper  
  96  12:41  Reaper  
  96  12:44  Reaper x2  
  94  12:51  Reaper  
  94  12:54  Reaper x2  
  96  13:01  Reaper  
  96  13:04  Reaper x2  
  97  13:11  Reaper  
  97  13:17  Reaper x2  
  99  13:20  Reaper  
  99  13:28  Reaper x2, Supply Depot  
  99  13:29  SCV  
  103  13:35  Reaper x2  
  103  13:38  Reaper  
  104  13:45  Reaper  
  104  13:46  Reaper, SCV  
  97  13:58  Reaper  
  97  13:59  Reaper  
  97  14:02  Reaper x2  
  97  14:08  Reaper  
  97  14:09  Reaper  
  99  14:12  Reaper x2  
  99  14:18  Reaper x2  
  101  14:22  Reaper x2  
  101  14:28  Reaper  
  102  14:34  Reaper x2  
  102  14:38  Reaper x2  
  104  14:44  Reaper x2  
  104  14:48  Reaper  
  105  14:50  Theia Raven  
  105  14:54  Reaper  
  105  14:58  Supply Depot  
  107  15:10  Reaper x2  
  107  15:15  Reaper x2  
  111  15:25  Reaper  
  111  15:26  Reaper  
  113  15:31  Reaper x2  
  113  15:41  Reaper  
  113  15:42  Reaper  
  113  15:48  Reaper  
  113  15:49  Reaper  
  114  15:51  Reaper  
  114  15:55  Reaper  
  114  15:58  Reaper  
  114  15:59  Reaper  
  115  16:01  Reaper  
  115  16:05  Reaper  
  115  16:08  Reaper  
  115  16:09  Reaper  
  117  16:11  Reaper  
  117  16:15  Reaper  
  117  16:18  Reaper  
  117  16:19  Reaper  
  116  16:21  Reaper  
  116  16:25  Reaper  
  116  16:31  Reaper x2  
  116  16:32  Reaper  
  116  16:35  Reaper  
  118  16:41  Reaper x2  
  118  16:42  Reaper  
  118  16:45  Reaper  
  122  16:51  Reaper x2  
  109  17:16  Reaper  
Show
View Real Time Build Order
Export as new Build Order

Speeppbot Protoss 

Build Orders:  

Get SALT Encoding   

Tags
 
Commander
FenixHorner
Matchup
Co-op
Replay Pack
Co-op Speedrun
Add a new tag
Caveats
  • Supply blocks, unpowered buildings, or Contaminate may cause inaccurate times.
  • Supply counts are checked every 10 seconds.